 Dungeon Crawl Stone Soup version 0.22-a0-398-g8bb545f (webtiles) character file.

17115 raistware the Destroyer (level 12, 0/74 HPs)
             Began as a Mummy Wizard on May 4, 2018.
             Was an Elder of Vehumet.
             Slain by an enchanted long sword (5 damage)
             ... on level 13 of the Dungeon.
             The game lasted 01:42:57 (18563 turns).

raistware the Destroyer (Mummy Wizard)             Turns: 18563, Time: 01:42:58

Health: 0/74       AC:  7    Str: 17    XL:     12   Next: 16%
Magic:  23/28      EV: 12    Int: 21    God:    Vehumet [****..]
Gold:   779        SH:  0    Dex: 10    Spells: 14/36 levels left

rFire    x . .     SeeInvis +   G - +4 morningstar (freeze)
rCold    + . .     Gourm    .   (no shield)
rNeg     + + +     Faith    .   D - +2 robe {rN+}
rPois    ∞         Spirit   .   a - +1 helmet
rElec    .         Reflect  .   n - scarf {repulsion}
rCorr    .         Harm     .   h - +0 pair of gloves
MR       +....                  (no boots)
Stlth    ++........             (no amulet)
HPRegen  0.22/turn              d - +5 ring of strength
MPRegen  0.21/turn              p - ring of see invisible

@: repel missiles
A: no food or potions, fire vulnerability, cold resistance 1, negative energy
resistance 3, torment resistance, unbreathing
a: Renounce Religion


You were on level 13 of the Dungeon.
You worshipped Vehumet.
Vehumet was greatly pleased with you.
You were not hungry.

You visited 2 branches of the dungeon, and saw 14 of its levels.

You collected 779 gold pieces.

Inventory:

Hand Weapons
 g - a +0 hunting sling
 B - a +1 scimitar of flaming
 C - a +1 whip of electrocution
 G - a +4 morningstar of freezing (weapon)
Missiles
 c - 506 stones (quivered)
 H - 5 curare-tipped needles
Armour
 a - a +1 helmet (worn)
 h - a +0 pair of gloves (worn)
 n - a scarf of repulsion (worn)
 r - the +0 ring mail "Vokhlocalom" {rN+ rCorr}
   (You found it on level 8 of the Dungeon)

   It protects you from negative energy.
   It protects you from acid and corrosion.
 v - a +0 shield
 D - a +2 robe of positive energy (worn)
 K - a +0 buckler
Jewellery
 d - a +5 ring of strength (left hand)
 i - an uncursed ring of protection from cold
 p - a ring of see invisible (right hand)
 u - an uncursed ring of flight
Wands
 o - a wand of random effects (34)
 w - a wand of paralysis (19)
 x - a wand of clouds (3)
 F - a wand of disintegration (20)
 I - a wand of flame (35)
Scrolls
 b - a scroll of summoning {unknown}
 e - a scroll of fog
 f - 7 scrolls of remove curse
 j - 4 scrolls of immolation
 k - 2 scrolls of fear {unknown}
 l - 6 scrolls of identify
 m - 5 scrolls of teleportation
 q - a scroll of noise {unknown}
 s - a scroll of enchant weapon {unknown}
 t - 6 scrolls of random uselessness {unknown}
 y - 4 scrolls of enchant armour {unknown}
 z - 3 scrolls of amnesia
 A - a scroll of blinking {unknown}
 E - a scroll of magic mapping
Miscellaneous
 J - a phial of floods


   Skills:
 - Level 2.1 Dodging
 - Level 2.1 Stealth
 + Level 12.9 Spellcasting
 * Level 13.0 Conjurations
 - Level 1.0 Summonings
 - Level 1.0 Translocations
 - Level 4.4 Fire Magic


You had 14 spell levels left.
You knew the following spells:

 Your Spells              Type           Power        Failure   Level  Hunger
a - Magic Dart            Conj           ####         0%          1    N/A
b - Blink                 Tloc           N/A          4%          2    N/A
c - Call Imp              Summ           ###.....     4%          2    N/A
d - Conjure Flame         Conj/Fire      ######..     1%          3    N/A
e - Mephitic Cloud        Conj/Pois/Air  ####....     1%          3    N/A
f - Apportation           Tloc           ###...       3%          1    N/A
g - Animate Skeleton      Necr           N/A          4%          1    N/A
h - Pain                  Necr           ##..         4%          1    N/A
i - Searing Ray           Conj           ######       1%          2    N/A
j - Throw Flame           Conj/Fire      ######       1%          2    N/A
k - Fulminant Prism       Conj/Hex       #####.....   1%          4    N/A

Dungeon Overview and Level Annotations

Branches:
Dungeon (13/15)            Temple (1/1) D:7            Lair (0/6) D:10
    Orc (0/2) D:12         Vaults (0/5) D:13

Altars:
Ashenzari
Cheibriados
Dithmenos
Elyvilon
Fedhas
Gozag
Hepliaklqana
Kikubaaqudgha
Makhleb
Nemelex Xobeh
Okawaru
Qazlal
Ru
Sif Muna
Trog
Uskayaw
Vehumet
Wu Jian
Xom
Yredelemnul
Zin
The Shining One

Annotations:
D:8 exclusion: oklob plant


Innate Abilities, Weirdness & Mutations

You do not eat or drink.
Your flesh is vulnerable to fire.
You are immune to poison.
Your flesh is cold resistant. (rC+)
You are immune to negative energy. (rN+++)
You are immune to unholy pain and torment.
You can survive without breathing.


Message History

The searing ray misses the enchanted long sword. (Press . to maintain the ray.)
The enchanted long sword closely misses you.
The searing ray misses the enchanted long sword.
The enchanted long sword hits you!
The searing ray hits the enchanted long sword.
The enchanted long sword hits you. The enchanted long sword hits you!!
The searing ray hits the enchanted long sword.
The enchanted long sword is heavily damaged.
You finish channeling your searing ray.
The enchanted long sword hits you!!
* * * LOW HITPOINT WARNING * * *
Casting: Searing Ray (safe; 1% risk of failure)
Confirm with . or Enter, or press ? or * to list all spells.
Aiming: Magic Dart (safe; 0% risk of failure)
Press: ? - help, Shift-Dir - straight line, f/p - enchanted long sword
Aim: an enchanted long sword (heavily damaged)
The magic dart hits the enchanted long sword.
The enchanted long sword is heavily damaged.
The enchanted long sword hits you.
You die...

#....=..#...#
#..####'#[..# #
+........#
#........#
#........###
#..........#
..#..........#
JJ.............)<#
...........(@....#
...#?#.....#######
.. ####......
∩.........
###........
#......### ....../
.......


You could see an enchanted long sword.

Vanquished Creatures
  The ghost of zero the Geomancer, a novice TrEE of Vehumet (D:11)
  Erica (D:8)
  A dancing weapon (D:13)
  2 two-headed ogres
  An unseen horror (D:10)
  Pikel (D:8)
  4 ugly things
  2 deep elf magi (D:12)
  A manticore (D:11)
  A gargoyle (D:10)
  A merfolk (D:9)
  4 trolls
  2 hippogriffs
  6 slime creatures
  2 vampires
  A shadow (D:12)
  4 hungry ghosts
  The ghost of ololoev the Magician, an amateur HaWz (D:3)
  An acid dragon (D:10)
  2 porcupines (D:10)
  7 orc warriors
  2 ice beasts
  A slave (D:8)
  An eye of draining (D:9)
  3 phantoms
  2 centaurs
  5 ogres
  4 big kobolds
  11 bullfrogs
  A gnoll sergeant (D:6)
  2 scorpions
  8 killer bees (D:9)
  13 wights
  6 crimson imps
  A centaur zombie (D:10)
  A jelly (D:12)
  A quasit (D:9)
  3 bullfrog zombies
  5 hounds
  2 bullfrog skeletons
  10 orc priests
  3 centaur skeletons
  3 iguanas
  7 orc wizards
  6 worker ants
  2 hound zombies
  10 gnolls
  A worker ant zombie (D:5)
  A howler monkey skeleton (D:5)
  11 adders
  3 shadow imps
  A worm (D:3)
  2 dart slugs
  3 leopard geckos
  43 orcs
  4 giant cockroaches
  23 goblins
  9 hobgoblins
  6 jackals
  26 kobolds
  5 quokkas
  3 ball pythons
  9 bats
  5 frilled lizards
  A giant cockroach zombie (D:5)
  A leopard gecko skeleton (D:5)
  A leopard gecko zombie (D:4)
  A quokka skeleton (D:7)
  5 rats
  A fulminant prism (D:12)
324 creatures vanquished.

Vanquished Creatures (collateral kills)
  A swamp drake (D:12)
  An ice beast (D:12)
  An ogre (D:7)
  An ooze (D:1)
  A worm (D:3)
  A leopard gecko (D:1)
  3 hobgoblins (D:1)
  2 jackals (D:1)
  A quokka (D:6)
  A frilled lizard (D:1)
13 creatures vanquished.

Vanquished Creatures (others)
  A wizard (D:7)
  A slave (D:8)
  4 fulminant prisms (D:12)
  3 fungi (D:10)
9 creatures vanquished.

Grand Total: 346 creatures vanquished

Notes
Turn   | Place    | Note
-------+----------+-------------------------------------------
     0 | D:1      | raistware the Mummy Wizard began the quest for the Orb.
     0 | D:1      | Reached XP level 1. HP: 13/13 MP: 5/5
    13 | D:1      | Reached skill level 1 in Conjurations
   216 | D:1      | Reached XP level 2. HP: 12/19 MP: 0/7
   220 | D:1      | Learned a level 2 spell: Blink
   223 | D:1      | Learned a level 2 spell: Call Imp
   365 | D:1      | Reached skill level 2 in Conjurations
   984 | D:1      | Reached XP level 3. HP: 24/24 MP: 4/8
   989 | D:1      | Learned a level 3 spell: Conjure Flame
  1370 | D:2      | Reached skill level 3 in Conjurations
  1562 | D:2      | Reached XP level 4. HP: 30/30 MP: 1/10
  1567 | D:2      | Learned a level 3 spell: Mephitic Cloud
  2017 | D:2      | Reached skill level 4 in Conjurations
  2017 | D:2      | Reached XP level 5. HP: 28/35 MP: 2/11
  2613 | D:3      | Noticed ololoev's ghost (amateur HaWz)
  3490 | D:3      | Reached skill level 1 in Summonings
  4098 | D:2      | Reached skill level 1 in Translocations
  4602 | D:3      | Killed ololoev's ghost
  4602 | D:3      | Reached XP level 6. HP: 16/41 MP: 5/12
  5968 | D:5      | Entered Level 5 of the Dungeon
  6210 | D:5      | Reached skill level 5 in Conjurations
  6666 | D:5      | Reached skill level 1 in Fire Magic
  6666 | D:5      | Reached XP level 7. HP: 46/46 MP: 6/14
  6818 | D:5      | Reached skill level 5 in Spellcasting
  7412 | D:5      | Learned a level 1 spell: Apportation
  8121 | D:6      | Reached skill level 6 in Conjurations
  8315 | D:6      | Reached XP level 8. HP: 31/52 MP: 10/16
  8319 | D:6      | Learned a level 1 spell: Animate Skeleton
  8594 | D:6      | Found an ancient bone altar of Kikubaaqudgha.
  8695 | D:6      | Found a hazy altar of Hepliaklqana.
  8698 | D:6      | Found a glowing golden altar of the Shining One.
  8967 | D:7      | Found a hide-covered altar of Uskayaw.
  9471 | D:7      | Found a staircase to the Ecumenical Temple.
  9482 | Temple   | Entered the Ecumenical Temple
  9568 | Temple   | Became a worshipper of Vehumet
  9947 | D:7      | Reached skill level 7 in Conjurations
  9990 | D:7      | Found a blossoming altar of Fedhas.
 10016 | D:7      | Noticed a hippogriff
 10035 | D:7      | Killed a hippogriff
 10122 | D:7      | Found a bloodstained altar of Trog.
 10123 | D:7      | Noticed a wizard
 10129 | D:7      | Killed a wizard
 10408 | D:8      | Found a shimmering altar of Xom.
 10408 | D:8      | Noticed an oklob plant
 10451 | D:8      | Reached XP level 9. HP: 57/57 MP: 4/20
 10578 | D:8      | Found a glowing golden altar of the Shining One.
 10625 | D:8      | Found a stormy altar of Qazlal.
 10756 | D:8      | Noticed Erica
 10760 | D:8      | Learned a level 1 spell: Pain
 10790 | D:8      | Killed Erica
 10790 | D:8      | Reached skill level 8 in Conjurations
 11095 | D:8      | Got a spiked ring mail
 11106 | D:8      | Identified the +0 ring mail "Vokhlocalom" {rN+ rCorr} (You found it on level 8 of the Dungeon)
 11156 | D:8      | Noticed Pikel
 11168 | D:8      | Killed Pikel
 11229 | D:8      | Found a deep blue altar of Sif Muna.
 11953 | D:9      | Reached skill level 9 in Conjurations
 12160 | D:9      | Reached * piety under Vehumet
 12160 | D:9      | Offered knowledge of Sandblast by Vehumet.
 12398 | D:9      | Reached XP level 10. HP: 63/63 MP: 16/23
 13164 | D:9      | Noticed a white ugly thing
 13170 | D:9      | Killed a white ugly thing
 13240 | D:9      | Reached skill level 10 in Conjurations
 13482 | D:9      | Reached skill level 10 in Spellcasting
 13597 | D:9      | Found an iron altar of Okawaru.
 13616 | D:9      | Offered knowledge of Searing Ray by Vehumet.
 13620 | D:9      | Reached ** piety under Vehumet
 13630 | D:9      | Learned a level 2 spell: Searing Ray
 13636 | D:9      | Found a blossoming altar of Fedhas.
 13638 | D:9      | Found a white marble altar of Elyvilon.
 13638 | D:9      | Found an opulent altar of Gozag.
 13744 | D:10     | Entered Level 10 of the Dungeon
 14023 | D:10     | Noticed an unseen horror
 14039 | D:10     | Killed an unseen horror
 14190 | D:10     | Noticed a gargoyle
 14230 | D:10     | Found a staircase to the Lair.
 14274 | D:10     | Offered knowledge of Throw Flame by Vehumet.
 14584 | D:10     | Noticed a two-headed ogre
 14597 | D:10     | Killed a two-headed ogre
 14597 | D:10     | Reached skill level 11 in Conjurations
 14597 | D:10     | Reached XP level 11. HP: 58/68 MP: 17/26
 14628 | D:10     | Found a shadowy altar of Dithmenos.
 14752 | D:10     | Learned a level 2 spell: Throw Flame
 14886 | D:10     | Reached *** piety under Vehumet
 15487 | D:11     | Noticed a two-headed ogre
 15494 | D:11     | Killed a two-headed ogre
 15548 | D:11     | Noticed zero's ghost (novice TrEE)
 15558 | D:11     | Killed zero's ghost
 15614 | D:11     | Noticed a brown ugly thing
 15628 | D:11     | Killed a brown ugly thing
 15989 | D:11     | Noticed a white ugly thing
 15996 | D:11     | Killed a white ugly thing
 15996 | D:11     | Reached skill level 12 in Conjurations
 16199 | D:11     | Offered knowledge of Fulminant Prism by Vehumet.
 16205 | D:11     | Learned a level 4 spell: Fulminant Prism
 17148 | D:12     | Reached **** piety under Vehumet
 17551 | D:12     | Found a staircase to the Orcish Mines.
 17597 | D:12     | Offered knowledge of Bolt of Draining by Vehumet.
 17676 | D:12     | Noticed a deep elf mage
 17691 | D:12     | Killed a deep elf mage
 17946 | D:12     | Noticed a green ugly thing
 17966 | D:12     | Killed a green ugly thing
 18045 | D:12     | Noticed a deep elf mage
 18055 | D:12     | Killed a deep elf mage
 18055 | D:12     | Reached XP level 12. HP: 59/74 MP: 26/28
 18515 | D:13     | Reached skill level 13 in Conjurations
 18539 | D:13     | Found a gate to the Vaults.
 18563 | D:13     | Slain by an enchanted long sword

Vault maps used:
D:1:      onia_arrival_mini_spirals, serial_corexii_hall,
          corexii_hall_statues_l, corexii_hall_statues_t, bh_walls_and_bars
D:2:      serial_park_tiny_2
D:3:      first_ration, grunt_decor_one_mirror
D:5:      hangedman_abyss_or_decor_stabs, kennysheep_small_spiral,
          minmay_ogre_servants
D:6:      gammafunk_temple_overflow_forgotten, minmay_misc_feat_room
D:7:      lemuel_doored_altar, minmay_temple_entry_purple_smoke, basic_altar,
          trog_wizard
D:8:      grunt_qazlal_sundering, kennysheep_little_box, basic_altar,
          minmay_misc_feat_hallway, lemuel_oklob_altar, uniq_erica, uniq_pikel
D:9:      minitemple, enter_bailey_3, hangedman_fish_farm, supply_closet_lemuel
D:10:     grunt_lair_entry_orc_guard_hut,
          nicolae_dithmenos_through_a_glass_darkly
D:11:     serial_glass, glass_columns_b, glass_columns_a
D:12:     erik_orc_1
D:13:     erik_vaults_1
Temple:   nicolae_temple_hex_pool

Skill      XL: |  1  2  3  4  5  6  7  8  9 10 11 12 |
---------------+-------------------------------------+-----
Conjurations   | 1 2 3 4 5 6 7 9 11 12 13 | 13.0
Summonings     | 1 |  1.0
Translocations | 1 |  1.0
Dodging        | 2 |  2.1
Stealth        | 2 |  2.1
Fire Magic     | 1 2 3 4 |  4.4
Spellcasting   | 5 7 9 11 12 | 12.9

Action                   |  1- 3 |  4- 6 |  7- 9 | 10-12 || total
-------------------------+-------+-------+-------+-------++-------
Melee: Dagger            |    15 |    25 |       |       ||    40
       Halberd           |       |    12 |    75 |       ||    87
       Whip              |       |       |    36 |    74 ||   110
       Scimitar          |       |       |    12 |       ||    12
       Morningstar       |       |       |       |    73 ||    73
Throw: Stone             |       |       |     3 |       ||     3
 Cast: Magic Dart        |    77 |   222 |   186 |   367 ||   852
       Call Imp          |     5 |     2 |     3 |    11 ||    21
       Conjure Flame     |       |     9 |    32 |    63 ||   104
       Mephitic Cloud    |       |     6 |    21 |    45 ||    72
       Blink             |       |     1 |       |     1 ||     2
       Animate Skeleton  |       |       |     9 |       ||     9
       Apportation       |       |       |     2 |       ||     2
       Pain              |       |       |     4 |       ||     4
       Searing Ray       |       |       |       |    16 ||    16
       Throw Flame       |       |       |       |    31 ||    31
       Fulminant Prism   |       |       |       |     5 ||     5
Evoke: Wand              |       |    12 |     1 |     3 ||    16
  Use: Scroll            |       |     6 |       |     3 ||     9
 Stab: Confused          |       |     2 |     2 |     6 ||    10
       Sleeping          |       |       |     1 |     1 ||     2
Armor: Robe              |     9 |    17 |    24 |    78 ||   128
Dodge: Dodged            |    26 |    88 |   103 |   133 ||   350
       Deflected         |       |       |     4 |     8 ||    12
       Rpst.: Scimitar   |       |       |     1 |       ||     1

Table legend:
 A = Spawn XP
 B = Non-spawn XP
 C = Spawn XP percentage of total XP
 D = Spawn monster count
 E = Non-spawn monster count
 F = Spawn count percentage of total count
 G = Total turns spent on level
                    A         B        C        D         E        F      G
               +---------+---------+-------+---------+---------+-------+---------
         Total |       0 |   24451 |   0.0 |       0 |     335 |   0.0 | 18563
               +---------+---------+-------+---------+---------+-------+---------
           D:1 |       0 |      50 |   0.0 |       0 |      29 |   0.0 |  1672
           D:2 |       0 |     241 |   0.0 |       0 |      32 |   0.0 |  1790
           D:3 |       0 |     208 |   0.0 |       0 |      21 |   0.0 |  1680
           D:4 |       0 |      19 |   0.0 |       0 |       4 |   0.0 |  1080
           D:5 |       0 |     601 |   0.0 |       0 |      27 |   0.0 |  1612
           D:6 |       0 |     740 |   0.0 |       0 |      25 |   0.0 |  1405
           D:7 |       0 |     798 |   0.0 |       0 |      13 |   0.0 |  1002
           D:8 |       0 |    2027 |   0.0 |       0 |      13 |   0.0 |  1851
           D:9 |       0 |    3147 |   0.0 |       0 |      51 |   0.0 |  1535
          D:10 |       0 |    4284 |   0.0 |       0 |      53 |   0.0 |  1600
          D:11 |       0 |    5918 |   0.0 |       0 |      23 |   0.0 |  1317
          D:12 |       0 |    4712 |   0.0 |       0 |      39 |   0.0 |  1614
          D:13 |       0 |    1706 |   0.0 |       0 |       5 |   0.0 |   288
               +---------+---------+-------+---------+---------+-------+---------
